Map: Gresvan LE

Players

RiSky

  • Race: Zerg Zerg
  • League: Master
  • Spawn Location: 11:00

Clem - Winner!

  • Race: Terran Terran
  • League: Grandmaster
  • Spawn Location: 5:00

Event: HomeStory Cup XXIII

VOD

Have the link to the VOD?

Description

Time

  • Played on: July 1, 2023, 8:09 a.m.
  • Length: 3:50

All games in this series

Show
View Real Time Build Order
Export as new Build Order

RiSky Zerg 

Build Orders: Hatch First 

Get SALT Encoding   

  12  0:00  Drone  
  13  0:11  Overlord  
  13  0:16  Drone  
  14  0:30  Drone x2  
  16  0:47  Hatchery  
  15  0:50  Drone  
  15  0:54  Drone  
  18  0:57  Drone  
  18  1:09  Extractor  
  17  1:12  Spawning Pool  
  17  1:15  Drone  
  18  1:18  Drone  
  18  1:27  Drone  
  19  1:38  Drone  
  20  1:48  Overlord  
  20  1:59  Queen  
  20  2:00  Queen, Zergling x4  
  26  2:11  Drone x2  
  28  2:21  Drone  
  28  2:22  Drone  
  30  2:33  Hatchery  
  30  2:35  Drone  
  29  2:41  Queen  
  30  2:44  Zergling x2  
  30  2:49  Overlord  
  31  2:56  Zergling x2  
  32  3:02  Drone  
  32  3:03  Drone  
  34  3:06  Drone  
  35  3:13  Zergling x4  
  35  3:17  Zergling x6  
  39  3:25  Zergling x4  
Show
View Real Time Build Order
Export as new Build Order

Clem Terran - Winner!

Build Orders:  

Get SALT Encoding   

  12  0:00  SCV  
  13  0:12  SCV  
  14  0:18  Supply Depot  
  14  0:24  SCV  
  15  0:40  Barracks, SCV  
  16  0:43  Refinery  
  16  0:52  SCV  
  17  1:01  Barracks  
  17  1:04  SCV  
  18  1:16  SCV  
  19  1:20  Barracks  
  19  1:27  Reaper  
  19  1:32  Refinery  
  20  1:40  Orbital Command  
  20  1:48  Reaper  
  20  1:53  Supply Depot  
  21  2:00  Reaper  
  22  2:06  SCV  
  23  2:15  Reaper  
  24  2:20  Reaper  
  24  2:21  SCV  
  24  2:22  Supply Depot  
  26  2:33  Reaper  
  28  2:37  SCV  
  28  2:49  Reaper  
  29  2:52  Reaper  
  29  2:56  Command Center  
  30  3:02  SCV  
  30  3:05  Reaper  
  32  3:09  Supply Depot  
  32  3:14  SCV  
  35  3:28  SCV  
  35  3:29  Supply Depot  
  36  3:39  Factory  
Tags
 
Add a new tag
Caveats
  • Supply blocks, unpowered buildings, or Contaminate may cause inaccurate times.
  • Supply counts are checked every 10 seconds.